[ AOE2 MATCH · #479902721 ]
UnrankedBritons vs Vietnamese
[ REPLAY ANALYSIS · EXTRACTED FROM THE RECORDED GAME ]
Feudal
13:51
Castle
17:46
Imperial
—
| APM avg | 57.7 |
| APM peak | 103 |
| eAPM avg | 29.8 |
| Villagers / military | 141 / 92 |
Focus
⚔️ 35.5% · 🌾 64.5%
Longbowman ×92
Feudal
13:59
Castle
22:36
Imperial
—
| APM avg | 38.1 |
| APM peak | 95 |
| eAPM avg | 13.9 |
| Villagers / military | 66 / 23 |
Focus
⚔️ 31.4% · 🌾 68.6%
Archer ×19 · Mangonel ×3 · Skirmisher ×1
Feudal
15:46
Castle
23:43
Imperial
—
| APM avg | 31.7 |
| APM peak | 51 |
| eAPM avg | 15.2 |
| Villagers / military | 58 / 26 |
Focus
⚔️ 29.2% · 🌾 70.8%
Scorpion ×9 · Spearman ×9 · Militia ×6 · Mangonel ×1 · Battering Ram ×1
Feudal
13:20
Castle
22:54
Imperial
—
| APM avg | 29.3 |
| APM peak | 55 |
| eAPM avg | 13.3 |
| Villagers / military | 84 / 60 |
Focus
⚔️ 38.7% · 🌾 61.3%
Cavalry Archer ×41 · Scout Cavalry ×12 · Monk ×5 · Mangonel ×2
Feudal
12:00
Castle
23:24
Imperial
—
| APM avg | 48.7 |
| APM peak | 121 |
| eAPM avg | 20.5 |
| Villagers / military | 101 / 56 |
Focus
⚔️ 27.0% · 🌾 73.0%
Skirmisher ×23 · Knight ×18 · Archer ×14 · Militia ×1
Feudal
13:23
Castle
18:08
Imperial
—
| APM avg | 51.2 |
| APM peak | 89 |
| eAPM avg | 18.0 |
| Villagers / military | 117 / 60 |
Focus
⚔️ 31.5% · 🌾 68.5%
Archer ×58 · Monk ×2
Feudal
—
Castle
—
Imperial
—
| APM avg | 26.1 |
| APM peak | 65 |
| eAPM avg | 12.9 |
| Villagers / military | 102 / 43 |
Focus
⚔️ 32.4% · 🌾 67.6%
Cavalry Archer ×30 · Samurai ×13
Feudal
14:22
Castle
18:07
Imperial
—
| APM avg | 46.5 |
| APM peak | 114 |
| eAPM avg | 18.0 |
| Villagers / military | 93 / 37 |
Focus
⚔️ 21.7% · 🌾 78.3%
Conquistador ×29 · Mangonel ×4 · Knight ×3 · Battering Ram ×1
Match map
Initial resources + every placement click. Lines = walls · curves = elevation contours. ◆ gold · ⬟ stone · ● berries · ✦ relic · ◌ wall gap
Your base· Open — unwalled flank
繁星風羲's base· Open — unwalled flank
B站星熙社长's base· Open — unwalled flank
Flamingwizard4's base· Open — unwalled flank
垃圾小士兵's base· Open — 6t gap
Mr.Livi's base· Open — 15t gap
BloodyCalyps's base· Open — unwalled flank
Fantasy's base· Open — 12t gap
Smoothed initial terrain · ◌ = detected wall gap · hover for details
Inputs per minute
— socras - - 繁星風羲
Build order — socras
First 150 of 364 actions detected
| 0:08 | Build | Town Center |
| 0:56 | Build | Lumber Camp |
| 1:03 | Build | House |
| 2:26 | Build | Palisade Wall |
| 2:45 | Create | Villager (Male) |
| 2:46 | Create | Villager (Male) |
| 2:57 | Create | Villager (Male) |
| 3:03 | Create | Villager (Male) |
| 3:04 | Create | Villager (Male) |
| 3:04 | Create | Villager (Male) |
| 3:59 | Create | Villager (Male) |
| 4:00 | Create | Villager (Male) |
| 4:00 | Create | Villager (Male) |
| 4:23 | Build | House |
| 4:25 | Build | Palisade Wall |
| 4:26 | Create | Villager (Male) |
| 4:26 | Create | Villager (Male) |
| 4:27 | Create | Villager (Male) |
| 4:48 | Create | Villager (Male) |
| 4:49 | Create | Villager (Male) |
| 4:49 | Create | Villager (Male) |
| 4:58 | Create | Villager (Male) |
| 4:58 | Create | Villager (Male) |
| 4:58 | Create | Villager (Male) |
| 5:54 | Create | Villager (Male) |
| 5:55 | Create | Villager (Male) |
| 5:55 | Create | Villager (Male) |
| 6:19 | Create | Villager (Male) |
| 6:19 | Create | Villager (Male) |
| 6:19 | Create | Villager (Male) |
| 6:34 | Build | Lumber Camp |
| 6:40 | Create | Villager (Male) |
| 6:41 | Create | Villager (Male) |
| 6:46 | Build | House |
| 6:57 | Build | House |
| 7:07 | Create | Villager (Male) |
| 7:08 | Create | Villager (Male) |
| 7:08 | Create | Villager (Male) |
| 7:23 | Build | House |
| 8:00 | Create | Villager (Male) |
| 8:37 | Build | House |
| 8:43 | Build | House |
| 8:46 | Create | Villager (Male) |
| 8:55 | Create | Villager (Male) |
| 8:57 | Research | Loom |
| 9:00 | Research | Loom |
| 9:03 | Create | Villager (Male) |
| 9:07 | Build | Mill |
| 9:13 | Build | House |
| 9:44 | Create | Villager (Male) |
| 9:57 | Research | Feudal Age |
| 9:57 | Research | Feudal Age |
| 9:58 | Research | Feudal Age |
| 10:01 | Create | Villager (Male) |
| 10:01 | Create | Villager (Male) |
| 10:02 | Create | Villager (Male) |
| 10:02 | Create | Villager (Male) |
| 10:09 | Create | Villager (Male) |
| 10:12 | Create | Villager (Male) |
| 10:12 | Create | Villager (Male) |
| 10:23 | Build | House |
| 10:31 | Create | Villager (Male) |
| 11:07 | Create | Villager (Male) |
| 11:08 | Research | Feudal Age |
| 11:08 | Research | Feudal Age |
| 11:08 | Research | Feudal Age |
| 12:04 | Build | Mining Camp |
| 12:54 | Create | Villager (Male) |
| 13:17 | Build | House |
| 13:28 | Build | House |
| 13:51 | Age | Feudal Age |
| 13:57 | Build | Market |
| 14:01 | Create | Villager (Male) |
| 14:13 | Build | Blacksmith |
| 14:40 | Create | Villager (Male) |
| 15:02 | Research | Castle Age |
| 15:03 | Research | Castle Age |
| 15:03 | Research | Castle Age |
| 15:19 | Build | Mining Camp |
| 16:10 | Build | Palisade Wall |
| 16:10 | Build | Palisade Wall |
| 16:11 | Build | Palisade Wall |
| 16:11 | Build | Palisade Wall |
| 16:13 | Build | Palisade Wall |
| 16:14 | Build | Palisade Wall |
| 16:26 | Build | Palisade Wall |
| 16:27 | Build | Palisade Wall |
| 16:28 | Build | Palisade Wall |
| 16:28 | Build | Palisade Wall |
| 16:30 | Build | Palisade Wall |
| 16:32 | Build | Palisade Wall |
| 16:34 | Build | Palisade Wall |
| 16:36 | Build | Palisade Wall |
| 17:00 | Build | Palisade Wall |
| 17:01 | Build | Palisade Wall |
| 17:34 | Create | Villager (Male) |
| 17:44 | Build | House |
| 17:46 | Age | Castle Age |
| 18:13 | Research | Fletching |
| 18:14 | Research | Fletching |
| 18:30 | Create | Villager (Male) |
| 19:00 | Build | Castle |
| 19:03 | Create | Villager (Male) |
| 19:12 | Create | Villager (Male) |
| 19:25 | Create | Villager (Male) |
| 19:32 | Build | Town Center |
| 19:37 | Build | Palisade Wall |
| 19:43 | Research | Double-Bit Axe |
| 19:43 | Research | Double-Bit Axe |
| 19:43 | Research | Double-Bit Axe |
| 20:18 | Create | Longbowman |
| 20:18 | Create | Longbowman |
| 20:27 | Build | Town Center |
| 20:29 | Create | Villager (Male) |
| 20:40 | Create | Villager (Male) |
| 20:47 | Build | Palisade Wall |
| 20:51 | Build | Palisade Wall |
| 21:14 | Build | House |
| 21:55 | Create | Longbowman |
| 21:55 | Create | Longbowman |
| 21:55 | Create | Longbowman |
| 21:56 | Create | Longbowman |
| 21:57 | Create | Villager (Male) |
| 21:57 | Create | Villager (Male) |
| 21:57 | Create | Villager (Male) |
| 21:57 | Create | Villager (Male) |
| 22:37 | Create | Longbowman |
| 22:44 | Create | Villager (Male) |
| 22:44 | Create | Villager (Male) |
| 22:45 | Create | Villager (Male) |
| 22:49 | Build | Town Center |
| 22:53 | Create | Villager (Male) |
| 22:53 | Create | Villager (Male) |
| 22:57 | Create | Longbowman |
| 22:58 | Create | Longbowman |
| 22:58 | Create | Longbowman |
| 23:14 | Create | Villager (Male) |
| 23:14 | Create | Villager (Male) |
| 23:43 | Create | Villager (Male) |
| 23:43 | Create | Villager (Male) |
| 23:45 | Create | Longbowman |
| 23:45 | Create | Longbowman |
| 23:46 | Create | Longbowman |
| 23:46 | Create | Longbowman |
| 23:46 | Create | Longbowman |
| 24:34 | Create | Villager (Male) |
| 24:34 | Create | Villager (Male) |
| 24:47 | Create | Villager (Male) |
| 24:47 | Create | Villager (Male) |
| 24:47 | Create | Villager (Male) |
Build order — 繁星風羲
First 150 of 168 actions detected
| 1:22 | Build | Town Center |
| 3:12 | Build | House |
| 3:21 | Create | Villager (Male) |
| 3:21 | Create | Villager (Male) |
| 3:21 | Create | Villager (Male) |
| 3:21 | Create | Villager (Male) |
| 4:41 | Create | Villager (Male) |
| 4:42 | Create | Villager (Male) |
| 4:57 | Build | House |
| 5:09 | Research | Loom |
| 5:16 | Build | House |
| 5:22 | Build | House |
| 5:35 | Create | Villager (Male) |
| 5:35 | Create | Villager (Male) |
| 5:37 | Build | House |
| 6:29 | Create | Villager (Male) |
| 6:29 | Create | Villager (Male) |
| 6:29 | Create | Villager (Male) |
| 6:59 | Build | Lumber Camp |
| 7:09 | Create | Villager (Male) |
| 7:30 | Create | Villager (Male) |
| 7:53 | Create | Villager (Male) |
| 8:33 | Build | House |
| 8:35 | Create | Villager (Male) |
| 8:50 | Build | House |
| 8:58 | Build | House |
| 9:28 | Create | Villager (Male) |
| 9:28 | Create | Villager (Male) |
| 9:30 | Build | House |
| 10:08 | Build | Mill |
| 10:14 | Build | Mill |
| 10:18 | Build | House |
| 10:19 | Build | House |
| 10:25 | Create | Villager (Male) |
| 10:25 | Create | Villager (Male) |
| 10:38 | Build | House |
| 11:14 | Build | Palisade Wall |
| 11:17 | Create | Villager (Male) |
| 11:49 | Research | Feudal Age |
| 11:54 | Build | House |
| 12:39 | Create | Villager (Male) |
| 12:59 | Build | Barracks |
| 13:23 | Build | Palisade Wall |
| 13:59 | Age | Feudal Age |
| 13:59 | Create | Villager (Male) |
| 14:03 | Research | Double-Bit Axe |
| 14:19 | Build | Archery Range |
| 14:47 | Build | Watch Tower |
| 15:18 | Create | Villager (Male) |
| 15:20 | Create | Villager (Male) |
| 15:48 | Build | Mining Camp |
| 15:54 | Create | Villager (Male) |
| 15:57 | Create | Villager (Male) |
| 15:59 | Create | Archer |
| 15:59 | Create | Archer |
| 15:59 | Create | Archer |
| 16:15 | Build | House |
| 16:28 | Research | Gold Mining |
| 16:37 | Create | Villager (Male) |
| 16:43 | Create | Archer |
| 16:44 | Create | Archer |
| 17:02 | Build | Blacksmith |
| 17:30 | Build | House |
| 17:35 | Create | Archer |
| 17:45 | Build | Mining Camp |
| 17:50 | Create | Villager (Male) |
| 17:50 | Create | Villager (Male) |
| 17:57 | Research | Padded Archer Armor |
| 18:17 | Build | Archery Range |
| 18:21 | Build | Archery Range |
| 18:39 | Create | Archer |
| 18:41 | Create | Skirmisher |
| 18:53 | Build | Archery Range |
| 19:07 | Create | Archer |
| 19:56 | Research | Castle Age |
| 20:56 | Create | Archer |
| 20:56 | Create | Archer |
| 20:57 | Create | Archer |
| 20:57 | Create | Archer |
| 21:13 | Build | House |
| 22:36 | Age | Castle Age |
| 22:56 | Create | Villager (Male) |
| 22:57 | Create | Villager (Male) |
| 23:07 | Create | Villager (Male) |
| 23:35 | Create | Archer |
| 23:35 | Create | Archer |
| 23:35 | Create | Archer |
| 23:37 | Create | Villager (Male) |
| 23:50 | Research | Bow Saw |
| 23:51 | Research | Bow Saw |
| 23:51 | Research | Bow Saw |
| 24:11 | Build | Town Center |
| 24:48 | Create | Villager (Male) |
| 24:49 | Create | Villager (Male) |
| 25:06 | Research | Town Watch |
| 25:07 | Create | Villager (Male) |
| 27:09 | Build | Market |
| 27:31 | Create | Villager (Male) |
| 27:31 | Create | Villager (Male) |
| 27:31 | Create | Villager (Male) |
| 28:14 | Build | Mining Camp |
| 28:21 | Build | Farm |
| 28:23 | Build | Farm |
| 28:40 | Create | Archer |
| 28:40 | Create | Archer |
| 28:40 | Create | Archer |
| 28:40 | Create | Archer |
| 30:08 | Research | Wheelbarrow |
| 30:20 | Build | Town Center |
| 30:37 | Create | Villager (Male) |
| 30:37 | Create | Villager (Male) |
| 30:48 | Build | Farm |
| 30:51 | Build | Farm |
| 31:03 | Build | Farm |
| 31:34 | Create | Villager (Male) |
| 31:34 | Create | Villager (Male) |
| 32:12 | Research | Fletching |
| 32:12 | Research | Fletching |
| 32:27 | Create | Villager (Male) |
| 32:28 | Create | Villager (Male) |
| 32:34 | Build | Farm |
| 32:39 | Build | Farm |
| 33:01 | Build | Farm |
| 33:02 | Create | Villager (Male) |
| 33:07 | Build | Town Center |
| 33:14 | Create | Villager (Male) |
| 33:29 | Create | Villager (Male) |
| 33:29 | Create | Villager (Male) |
| 33:32 | Build | Town Center |
| 33:55 | Create | Villager (Male) |
| 33:56 | Create | Villager (Male) |
| 34:24 | Build | Farm |
| 34:41 | Build | Siege Workshop |
| 34:43 | Create | Villager (Male) |
| 34:43 | Create | Villager (Male) |
| 34:45 | Create | Villager (Male) |
| 34:55 | Build | Farm |
| 35:01 | Build | Farm |
| 35:04 | Build | Farm |
| 35:05 | Create | Villager (Male) |
| 35:05 | Create | Villager (Male) |
| 35:30 | Build | Farm |
| 35:34 | Create | Mangonel |
| 35:34 | Create | Mangonel |
| 35:50 | Build | Stable |
| 35:56 | Build | House |
| 35:57 | Build | House |
| 36:08 | Create | Mangonel |
| 36:09 | Create | Villager (Male) |
| 36:09 | Create | Villager (Male) |
Build order — B站星熙社长
120 actions detected in the replay
| 0:28 | Build | Town Center |
| 2:47 | Create | Villager (Male) |
| 2:47 | Create | Villager (Male) |
| 2:48 | Create | Villager (Male) |
| 2:50 | Create | Villager (Male) |
| 3:15 | Build | House |
| 3:35 | Research | Loom |
| 3:37 | Create | Villager (Male) |
| 3:59 | Create | Villager (Male) |
| 4:08 | Create | Villager (Male) |
| 4:47 | Create | Villager (Male) |
| 5:14 | Build | House |
| 5:35 | Create | Villager (Male) |
| 5:50 | Build | House |
| 5:53 | Create | Villager (Male) |
| 6:16 | Create | Villager (Male) |
| 7:03 | Create | Villager (Male) |
| 7:04 | Create | Villager (Male) |
| 7:04 | Create | Villager (Male) |
| 7:07 | Create | Villager (Male) |
| 7:30 | Create | Villager (Male) |
| 7:54 | Build | House |
| 8:00 | Create | Villager (Male) |
| 8:03 | Create | Villager (Male) |
| 8:47 | Create | Villager (Male) |
| 8:50 | Create | Villager (Male) |
| 9:00 | Create | Villager (Male) |
| 9:11 | Create | Villager (Male) |
| 9:43 | Create | Villager (Male) |
| 9:57 | Create | Villager (Male) |
| 10:03 | Create | Villager (Male) |
| 10:36 | Create | Villager (Male) |
| 10:53 | Create | Villager (Male) |
| 11:06 | Build | Lumber Camp |
| 11:43 | Create | Villager (Male) |
| 12:51 | Build | Mining Camp |
| 12:56 | Create | Villager (Male) |
| 13:01 | Create | Villager (Male) |
| 13:22 | Build | Mill |
| 13:36 | Research | Feudal Age |
| 14:07 | Build | Barracks |
| 14:27 | Create | Villager (Male) |
| 15:10 | Build | House |
| 15:12 | Create | Militia |
| 15:12 | Create | Militia |
| 15:12 | Create | Militia |
| 15:13 | Create | Militia ×3 |
| 15:46 | Age | Feudal Age |
| 16:02 | Create | Spearman |
| 16:03 | Create | Spearman |
| 16:03 | Create | Spearman |
| 16:09 | Research | Town Watch |
| 16:20 | Build | Blacksmith |
| 16:56 | Build | Watch Tower |
| 17:06 | Build | Watch Tower |
| 17:13 | Create | Villager (Male) |
| 17:30 | Create | Villager (Male) |
| 17:32 | Research | Fletching |
| 18:26 | Research | Scale Mail Armor |
| 18:29 | Research | Man-at-Arms (upgrade) |
| 18:45 | Create | Villager (Male) |
| 19:07 | Create | Spearman |
| 19:23 | Create | Spearman |
| 19:26 | Research | Double-Bit Axe |
| 19:32 | Build | Market |
| 19:40 | Create | Spearman |
| 19:47 | Create | Villager (Male) |
| 20:12 | Build | House |
| 20:15 | Create | Villager (Male) |
| 21:03 | Research | Castle Age |
| 22:16 | Build | Watch Tower |
| 22:26 | Create | Villager (Male) |
| 22:38 | Build | Farm |
| 23:34 | Build | Lumber Camp |
| 23:42 | Create | Villager (Male) |
| 23:43 | Age | Castle Age |
| 24:04 | Research | Bodkin Arrow |
| 25:03 | Create | Villager (Male) |
| 25:39 | Create | Villager (Male) |
| 26:15 | Create | Villager (Male) |
| 26:30 | Build | Mill |
| 26:50 | Create | Villager (Male) |
| 26:58 | Build | Farm |
| 27:01 | Build | Farm |
| 27:04 | Build | Farm |
| 27:20 | Build | Mining Camp |
| 27:25 | Create | Villager (Male) |
| 28:00 | Create | Villager (Male) |
| 28:34 | Research | Stone Mining |
| 28:40 | Research | Horse Collar |
| 28:55 | Create | Villager (Male) |
| 29:43 | Build | Siege Workshop |
| 29:47 | Create | Villager (Male) |
| 29:47 | Create | Villager (Male) |
| 29:51 | Create | Villager (Male) |
| 30:17 | Create | Scorpion |
| 30:17 | Create | Scorpion |
| 30:46 | Create | Scorpion |
| 30:56 | Create | Villager (Male) |
| 31:40 | Create | Villager (Male) |
| 31:54 | Create | Villager (Male) |
| 32:13 | Create | Villager (Male) |
| 32:43 | Create | Scorpion |
| 32:47 | Create | Battering Ram |
| 32:54 | Create | Villager (Male) |
| 32:57 | Create | Villager (Male) |
| 33:02 | Create | Spearman |
| 33:39 | Create | Villager (Male) |
| 33:43 | Create | Villager (Male) |
| 34:30 | Create | Villager (Male) |
| 34:39 | Create | Spearman |
| 34:39 | Create | Spearman |
| 34:42 | Create | Scorpion |
| 34:42 | Create | Scorpion |
| 34:42 | Create | Scorpion |
| 35:01 | Build | Castle |
| 35:16 | Create | Scorpion |
| 35:16 | Create | Scorpion |
| 35:36 | Create | Villager (Male) |
| 35:59 | Create | Mangonel |
Build order — Flamingwizard4
First 150 of 196 actions detected
| 0:07 | Build | House |
| 0:34 | Build | Town Center |
| 3:05 | Create | Villager (Male) |
| 3:05 | Create | Villager (Male) |
| 3:05 | Create | Villager (Male) |
| 3:05 | Create | Villager (Male) |
| 4:29 | Build | Lumber Camp |
| 4:39 | Create | Villager (Male) |
| 4:43 | Create | Villager (Male) |
| 4:43 | Create | Villager (Male) |
| 5:13 | Build | House |
| 5:30 | Create | Villager (Male) |
| 5:56 | Create | Villager (Male) |
| 6:06 | Build | Palisade Wall |
| 6:13 | Build | Palisade Wall |
| 6:27 | Create | Villager (Male) |
| 6:52 | Create | Villager (Male) |
| 6:58 | Build | House |
| 7:11 | Create | Villager (Male) |
| 7:11 | Create | Villager (Male) |
| 7:17 | Research | Loom |
| 7:25 | Build | House |
| 7:27 | Build | Mill |
| 7:32 | Create | Villager (Male) |
| 7:32 | Create | Villager (Male) |
| 8:02 | Create | Villager (Male) |
| 8:02 | Create | Villager (Male) |
| 8:02 | Create | Villager (Male) |
| 8:53 | Create | Villager (Male) |
| 8:53 | Create | Villager (Male) |
| 9:43 | Build | Mill |
| 9:46 | Create | Villager (Male) |
| 10:11 | Create | Villager (Male) |
| 10:40 | Create | Villager (Male) |
| 11:10 | Research | Feudal Age |
| 11:10 | Research | Feudal Age |
| 11:15 | Build | Barracks |
| 12:20 | Build | House |
| 13:09 | Create | Villager (Male) |
| 13:20 | Age | Feudal Age |
| 13:21 | Build | Stable |
| 13:24 | Research | Double-Bit Axe |
| 13:38 | Create | Villager (Male) |
| 13:39 | Create | Villager (Male) |
| 13:58 | Build | Stable |
| 14:02 | Create | Scout Cavalry |
| 14:03 | Create | Villager (Male) |
| 14:05 | Create | Villager (Male) ×5 |
| 14:11 | Research | Wheelbarrow |
| 14:29 | Build | Blacksmith |
| 14:34 | Create | Scout Cavalry |
| 14:38 | Build | House |
| 14:39 | Build | House |
| 14:51 | Build | House |
| 14:59 | Create | Scout Cavalry |
| 14:59 | Create | Scout Cavalry |
| 15:15 | Build | House |
| 15:51 | Create | Scout Cavalry |
| 15:51 | Create | Scout Cavalry |
| 15:52 | Create | Villager (Male) |
| 16:04 | Research | Scale Barding Armor |
| 16:07 | Build | House |
| 16:21 | Create | Scout Cavalry |
| 16:21 | Create | Scout Cavalry |
| 16:21 | Create | Villager (Male) |
| 16:22 | Create | Villager (Male) |
| 16:58 | Create | Scout Cavalry |
| 16:58 | Create | Scout Cavalry |
| 17:01 | Create | Villager (Male) |
| 17:01 | Create | Villager (Male) |
| 18:00 | Create | Villager (Male) |
| 18:07 | Create | Scout Cavalry |
| 18:08 | Create | Scout Cavalry |
| 18:29 | Create | Villager (Male) |
| 18:29 | Create | Villager (Male) |
| 18:50 | Build | House |
| 18:51 | Build | House |
| 18:53 | Build | House |
| 18:55 | Build | House |
| 19:12 | Create | Villager (Male) ×5 |
| 19:18 | Build | Market |
| 20:09 | Research | Castle Age |
| 20:14 | Research | Castle Age |
| 20:56 | Research | Town Watch |
| 22:51 | Research | Bloodlines |
| 22:51 | Research | Bloodlines |
| 22:54 | Age | Castle Age |
| 22:58 | Build | Archery Range |
| 23:01 | Build | Archery Range |
| 23:04 | Build | Archery Range |
| 23:08 | Create | Villager (Male) |
| 23:09 | Research | Fletching |
| 23:18 | Build | House |
| 23:18 | Build | House |
| 23:20 | Create | Villager (Male) |
| 23:21 | Research | Bow Saw |
| 23:25 | Research | Hand Cart |
| 23:35 | Research | Light Cavalry (upgrade) |
| 23:42 | Create | Villager (Male) |
| 24:37 | Create | Villager (Male) |
| 24:49 | Create | Cavalry Archer |
| 24:49 | Create | Cavalry Archer |
| 24:50 | Create | Cavalry Archer |
| 24:59 | Create | Villager (Male) |
| 25:13 | Create | Cavalry Archer |
| 25:13 | Create | Cavalry Archer |
| 25:14 | Create | Cavalry Archer |
| 25:15 | Research | Bodkin Arrow |
| 25:27 | Build | House |
| 25:47 | Build | Monastery |
| 25:51 | Create | Villager (Male) |
| 25:51 | Create | Villager (Male) |
| 26:34 | Create | Cavalry Archer |
| 26:34 | Create | Cavalry Archer |
| 26:35 | Create | Cavalry Archer |
| 26:35 | Create | Villager (Male) |
| 26:38 | Build | University |
| 26:38 | Create | Monk |
| 27:00 | Create | Villager (Male) |
| 27:04 | Create | Monk |
| 27:07 | Create | Cavalry Archer |
| 27:07 | Create | Cavalry Archer |
| 27:07 | Create | Cavalry Archer |
| 27:11 | Create | Cavalry Archer |
| 27:21 | Create | Villager (Male) |
| 27:44 | Create | Cavalry Archer |
| 27:45 | Create | Cavalry Archer |
| 27:45 | Create | Cavalry Archer |
| 27:45 | Create | Cavalry Archer |
| 28:34 | Create | Villager (Male) |
| 28:39 | Build | Town Center |
| 28:47 | Build | House |
| 28:47 | Build | House |
| 29:01 | Create | Villager (Male) |
| 29:02 | Create | Villager (Male) |
| 29:06 | Create | Monk |
| 29:34 | Build | Mining Camp |
| 29:50 | Create | Villager (Male) |
| 29:51 | Create | Villager (Male) |
| 30:09 | Research | Ballistics |
| 30:10 | Create | Villager (Male) |
| 30:11 | Create | Villager (Male) |
| 30:14 | Research | Husbandry |
| 31:01 | Build | Siege Workshop |
| 31:30 | Create | Villager (Male) |
| 31:30 | Create | Villager (Male) |
| 31:39 | Build | Farm |
| 31:39 | Build | Farm |
| 31:39 | Build | Farm |
| 31:40 | Build | Farm |
Build order — 垃圾小士兵
First 150 of 278 actions detected
| 0:06 | Build | Town Center |
| 0:14 | Build | House |
| 2:39 | Create | Villager (Male) |
| 2:39 | Create | Villager (Male) |
| 2:40 | Create | Villager (Male) |
| 2:40 | Create | Villager (Male) |
| 4:16 | Create | Villager (Male) |
| 4:30 | Create | Villager (Male) |
| 5:09 | Create | Villager (Male) |
| 5:12 | Build | House |
| 5:22 | Create | Villager (Male) |
| 5:32 | Create | Villager (Male) |
| 5:50 | Build | Lumber Camp |
| 6:05 | Create | Villager (Male) |
| 6:18 | Create | Villager (Male) |
| 6:42 | Build | House |
| 6:51 | Create | Villager (Male) |
| 7:04 | Build | House |
| 7:11 | Create | Villager (Male) |
| 7:43 | Create | Villager (Male) |
| 8:17 | Build | Mill |
| 8:30 | Create | Villager (Male) |
| 8:47 | Create | Villager (Male) |
| 8:49 | Research | Loom |
| 9:25 | Build | House |
| 9:50 | Research | Feudal Age |
| 9:50 | Research | Feudal Age |
| 10:41 | Build | Barracks |
| 11:11 | Create | Villager (Male) |
| 11:32 | Build | House |
| 11:52 | Build | Mining Camp |
| 11:58 | Create | Villager (Male) |
| 12:00 | Age | Feudal Age |
| 12:09 | Build | Archery Range |
| 12:26 | Research | Double-Bit Axe |
| 12:30 | Build | Mining Camp |
| 12:44 | Create | Villager (Male) |
| 12:55 | Build | House |
| 13:03 | Create | Archer |
| 13:03 | Create | Archer |
| 13:20 | Create | Villager (Male) |
| 13:21 | Create | Villager (Male) |
| 14:03 | Create | Villager (Male) |
| 14:12 | Create | Archer |
| 14:12 | Create | Archer |
| 14:28 | Create | Villager (Male) |
| 14:34 | Build | Archery Range |
| 14:39 | Build | Blacksmith |
| 14:44 | Create | Villager (Male) |
| 14:52 | Create | Archer |
| 14:52 | Create | Archer |
| 14:53 | Create | Villager (Male) |
| 14:57 | Build | House |
| 15:08 | Create | Archer |
| 15:22 | Create | Villager (Male) |
| 15:31 | Build | Mill |
| 15:34 | Create | Archer |
| 15:48 | Research | Fletching |
| 15:48 | Research | Fletching |
| 16:08 | Create | Archer |
| 16:08 | Create | Archer |
| 16:09 | Create | Villager (Male) |
| 16:19 | Build | House |
| 16:40 | Create | Archer |
| 16:47 | Build | House |
| 16:48 | Create | Villager (Male) |
| 16:49 | Create | Villager (Male) |
| 17:37 | Create | Archer |
| 17:41 | Create | Archer |
| 17:42 | Create | Archer |
| 17:45 | Create | Villager (Male) |
| 17:46 | Create | Villager (Male) |
| 17:48 | Build | Farm |
| 17:48 | Build | Farm |
| 17:49 | Build | Farm |
| 17:49 | Build | Farm |
| 18:25 | Create | Villager (Male) |
| 18:26 | Build | Farm |
| 18:29 | Research | Horse Collar |
| 18:29 | Research | Horse Collar |
| 18:31 | Build | Farm |
| 18:41 | Create | Villager (Male) |
| 18:46 | Build | Farm |
| 19:02 | Build | House |
| 19:03 | Build | House |
| 19:16 | Create | Villager (Male) |
| 19:50 | Create | Villager (Male) |
| 19:53 | Build | Farm |
| 19:57 | Build | House |
| 19:58 | Build | House |
| 20:19 | Create | Villager (Male) |
| 20:22 | Build | Farm |
| 20:42 | Research | Castle Age |
| 20:42 | Research | Castle Age |
| 20:51 | Build | Stable |
| 21:18 | Research | Scale Barding Armor |
| 21:19 | Research | Scale Barding Armor |
| 21:23 | Research | Gold Mining |
| 21:23 | Research | Gold Mining |
| 21:32 | Build | Stable |
| 22:05 | Research | Forging |
| 23:05 | Research | Bloodlines |
| 23:07 | Create | Villager (Male) |
| 23:24 | Age | Castle Age |
| 23:26 | Create | Knight |
| 23:26 | Create | Knight |
| 23:46 | Create | Villager (Male) |
| 23:49 | Research | Wheelbarrow |
| 23:58 | Build | Town Center |
| 24:09 | Create | Knight |
| 24:24 | Create | Knight |
| 24:25 | Create | Villager (Male) |
| 24:30 | Build | Town Center |
| 24:41 | Create | Knight |
| 24:41 | Create | Knight |
| 24:48 | Create | Knight |
| 25:01 | Build | Farm |
| 25:01 | Build | Farm |
| 25:01 | Build | Farm |
| 25:01 | Build | Farm |
| 25:02 | Create | Villager (Male) |
| 25:24 | Create | Knight |
| 25:24 | Create | Villager (Male) |
| 25:33 | Build | Farm |
| 25:49 | Create | Knight |
| 25:56 | Create | Knight |
| 25:57 | Create | Knight |
| 26:02 | Create | Villager (Male) |
| 26:05 | Build | Farm |
| 26:05 | Build | Farm |
| 26:08 | Build | Farm |
| 26:11 | Build | Farm |
| 26:27 | Create | Villager (Male) |
| 26:28 | Create | Villager (Male) |
| 26:39 | Research | Husbandry |
| 26:40 | Research | Husbandry |
| 27:07 | Create | Villager (Male) |
| 27:07 | Create | Villager (Male) |
| 27:08 | Create | Villager (Male) |
| 27:08 | Create | Villager (Male) |
| 27:27 | Build | Farm |
| 27:29 | Create | Villager (Male) |
| 27:30 | Create | Villager (Male) |
| 27:30 | Create | Villager (Male) |
| 27:49 | Create | Villager (Male) |
| 27:49 | Create | Villager (Male) |
| 27:51 | Build | House |
| 27:52 | Build | House |
| 27:53 | Build | House |
| 28:07 | Build | Farm |
Build order — Mr.Livi
First 150 of 308 actions detected
| 0:07 | Build | Town Center |
| 0:13 | Build | Town Center |
| 2:48 | Create | Villager (Male) |
| 2:48 | Create | Villager (Male) |
| 2:49 | Create | Villager (Male) |
| 2:50 | Create | Villager (Male) |
| 2:54 | Build | House |
| 2:56 | Build | House |
| 3:56 | Build | House |
| 4:06 | Create | Villager (Male) |
| 4:07 | Create | Villager (Male) |
| 4:18 | Create | Villager (Male) |
| 4:58 | Create | Villager (Male) |
| 5:26 | Create | Villager (Male) |
| 5:31 | Build | Lumber Camp |
| 5:33 | Create | Villager (Male) |
| 5:52 | Create | Villager (Male) |
| 6:16 | Create | Villager (Male) |
| 6:20 | Create | Villager (Male) |
| 6:41 | Build | House |
| 7:37 | Create | Villager (Male) |
| 7:43 | Build | Mill |
| 7:47 | Build | Mill |
| 7:51 | Create | Villager (Male) |
| 8:08 | Create | Villager (Male) |
| 8:21 | Create | Villager (Male) |
| 8:30 | Build | House |
| 8:40 | Create | Villager (Male) |
| 8:58 | Build | House |
| 9:09 | Build | House |
| 9:36 | Create | Villager (Male) |
| 9:59 | Create | Villager (Male) |
| 10:36 | Create | Villager (Male) |
| 10:46 | Build | Mining Camp |
| 11:13 | Research | Feudal Age |
| 11:14 | Research | Loom |
| 12:46 | Build | House |
| 12:48 | Build | Barracks |
| 13:23 | Age | Feudal Age |
| 13:26 | Create | Villager (Male) |
| 13:26 | Create | Villager (Male) |
| 13:28 | Create | Villager (Male) |
| 14:07 | Build | Archery Range |
| 14:40 | Create | Villager (Male) |
| 14:48 | Build | Blacksmith |
| 15:02 | Build | House |
| 15:25 | Research | Castle Age |
| 15:58 | Build | Archery Range |
| 16:00 | Build | House |
| 16:01 | Build | Palisade Wall |
| 16:05 | Build | Palisade Wall |
| 16:13 | Create | Villager (Male) |
| 16:14 | Create | Villager (Male) |
| 16:27 | Research | Double-Bit Axe |
| 16:27 | Research | Double-Bit Axe |
| 16:27 | Research | Double-Bit Axe |
| 16:41 | Research | Gold Mining |
| 16:41 | Research | Gold Mining |
| 16:41 | Research | Stone Mining |
| 16:44 | Create | Villager (Male) |
| 16:47 | Create | Archer |
| 16:47 | Create | Archer |
| 17:13 | Create | Archer |
| 17:13 | Create | Archer |
| 17:19 | Research | Fletching |
| 17:22 | Create | Villager (Male) |
| 17:30 | Build | Palisade Gate |
| 17:34 | Create | Archer |
| 17:51 | Create | Archer |
| 17:51 | Create | Archer |
| 17:54 | Create | Archer |
| 18:08 | Age | Castle Age |
| 18:14 | Research | Crossbowman (upgrade) |
| 18:19 | Create | Villager (Male) |
| 18:29 | Create | Archer |
| 18:30 | Create | Villager (Male) |
| 18:33 | Research | Bow Saw |
| 18:33 | Research | Bow Saw |
| 18:33 | Research | Bow Saw |
| 18:41 | Create | Archer |
| 18:46 | Research | Horse Collar |
| 18:46 | Research | Horse Collar |
| 18:46 | Research | Horse Collar |
| 18:53 | Build | Farm |
| 19:02 | Create | Archer |
| 19:14 | Create | Archer |
| 19:15 | Create | Archer |
| 19:15 | Create | Villager (Male) |
| 19:33 | Create | Villager (Male) |
| 19:37 | Build | House |
| 19:38 | Build | House |
| 19:41 | Create | Archer |
| 19:41 | Create | Archer |
| 19:44 | Create | Villager (Male) |
| 19:47 | Build | Farm |
| 19:59 | Create | Archer |
| 20:00 | Create | Villager (Male) |
| 20:03 | Create | Villager (Male) |
| 20:08 | Build | Farm |
| 20:10 | Build | Farm |
| 20:11 | Build | Farm |
| 20:14 | Create | Archer |
| 20:42 | Create | Archer |
| 20:42 | Create | Archer |
| 20:43 | Create | Villager (Male) |
| 20:43 | Create | Villager (Male) |
| 21:03 | Research | Bodkin Arrow |
| 21:10 | Create | Archer |
| 21:14 | Build | University |
| 21:22 | Create | Villager (Male) |
| 21:26 | Build | Farm |
| 21:28 | Build | Farm |
| 21:29 | Build | Farm |
| 21:32 | Build | Farm |
| 21:58 | Create | Archer |
| 21:58 | Create | Villager (Male) |
| 21:59 | Create | Villager (Male) |
| 22:01 | Build | House |
| 22:01 | Build | House |
| 22:02 | Create | Archer |
| 22:03 | Create | Archer |
| 22:43 | Research | Ballistics |
| 22:44 | Create | Archer |
| 22:44 | Create | Villager (Male) |
| 22:47 | Create | Villager (Male) |
| 22:47 | Create | Villager (Male) |
| 22:53 | Create | Archer |
| 23:07 | Create | Archer |
| 23:08 | Create | Archer |
| 23:08 | Create | Villager (Male) |
| 23:27 | Research | Padded Archer Armor |
| 23:48 | Create | Archer |
| 23:48 | Create | Villager (Male) |
| 23:48 | Create | Villager (Male) |
| 23:51 | Build | House |
| 23:52 | Build | House |
| 23:58 | Create | Archer |
| 24:07 | Build | House |
| 24:29 | Create | Archer |
| 24:29 | Create | Villager (Male) |
| 24:30 | Create | Villager (Male) |
| 24:30 | Create | Villager (Male) |
| 24:46 | Build | Town Center |
| 24:46 | Create | Villager (Male) |
| 24:46 | Create | Villager (Male) |
| 24:50 | Create | Villager (Male) |
| 24:51 | Create | Villager (Male) |
| 24:59 | Create | Archer |
| 25:12 | Create | Villager (Male) |
| 25:13 | Create | Villager (Male) |
Build order — BloodyCalyps
First 150 of 264 actions detected
| 0:36 | Build | Town Center |
| 2:03 | Build | House |
| 2:56 | Create | Villager (Male) |
| 2:57 | Create | Villager (Male) |
| 2:57 | Create | Villager (Male) |
| 2:57 | Create | Villager (Male) |
| 4:03 | Create | Villager (Male) |
| 4:27 | Build | House |
| 4:43 | Create | Villager (Male) |
| 4:50 | Build | Lumber Camp |
| 4:54 | Create | Villager (Male) |
| 5:02 | Research | Loom |
| 5:25 | Create | Villager (Male) |
| 5:48 | Create | Villager (Male) |
| 6:03 | Build | House |
| 6:08 | Create | Villager (Male) |
| 7:10 | Create | Villager (Male) |
| 7:26 | Build | Mill |
| 7:29 | Create | Villager (Male) |
| 7:51 | Create | Villager (Male) |
| 8:10 | Create | Villager (Male) |
| 8:38 | Build | Mill |
| 8:41 | Create | Villager (Male) |
| 9:05 | Create | Villager (Male) |
| 9:09 | Build | House |
| 9:42 | Create | Villager (Male) |
| 10:27 | Create | Villager (Male) |
| 10:55 | Research | Feudal Age |
| 10:55 | Research | Feudal Age |
| 11:02 | Build | House |
| 11:28 | Build | House |
| 11:43 | Build | House |
| 11:56 | Create | Villager (Male) |
| 12:23 | Build | Barracks |
| 12:46 | Create | Villager (Male) |
| 13:19 | Build | Blacksmith |
| 13:24 | Build | Archery Range |
| 14:15 | Research | Castle Age |
| 14:45 | Research | Double-Bit Axe |
| 15:27 | Research | Fletching |
| 15:32 | Create | Villager (Male) |
| 15:44 | Build | Archery Range |
| 15:47 | Build | House |
| 16:16 | Create | Villager (Male) |
| 16:27 | Build | House |
| 16:57 | Create | Cavalry Archer |
| 16:57 | Create | Cavalry Archer |
| 16:57 | Create | Cavalry Archer |
| 16:58 | Create | Cavalry Archer |
| 17:17 | Create | Villager (Male) |
| 17:29 | Create | Villager (Male) |
| 17:36 | Build | Town Center |
| 17:46 | Create | Villager (Male) |
| 17:51 | Create | Cavalry Archer |
| 18:03 | Create | Cavalry Archer |
| 18:13 | Create | Villager (Male) |
| 18:27 | Create | Cavalry Archer |
| 18:41 | Create | Cavalry Archer |
| 18:42 | Create | Villager (Male) |
| 18:50 | Build | House |
| 18:52 | Build | House |
| 18:54 | Build | House |
| 19:20 | Research | Horse Collar |
| 19:34 | Research | Bodkin Arrow |
| 19:35 | Create | Villager (Male) |
| 19:43 | Build | Farm |
| 19:43 | Build | Farm |
| 19:52 | Build | Farm |
| 20:01 | Create | Villager (Male) |
| 20:11 | Create | Villager (Male) |
| 20:55 | Create | Villager (Male) |
| 20:56 | Create | Villager (Male) |
| 20:57 | Create | Villager (Male) |
| 21:02 | Build | Farm |
| 21:02 | Build | Farm |
| 21:05 | Create | Cavalry Archer |
| 21:05 | Create | Cavalry Archer |
| 21:06 | Create | Cavalry Archer |
| 21:40 | Create | Villager (Male) |
| 21:40 | Create | Villager (Male) |
| 21:41 | Create | Villager (Male) |
| 21:47 | Create | Cavalry Archer |
| 21:47 | Create | Cavalry Archer |
| 21:56 | Build | Farm |
| 21:56 | Build | Farm |
| 21:57 | Build | Farm |
| 21:57 | Build | Farm |
| 21:58 | Create | Villager (Male) |
| 22:18 | Create | Villager (Male) |
| 22:19 | Create | Villager (Male) |
| 22:23 | Build | Farm |
| 22:23 | Build | Farm |
| 22:24 | Build | Farm |
| 22:39 | Create | Cavalry Archer |
| 22:42 | Create | Villager (Male) |
| 22:46 | Build | House |
| 22:47 | Build | House |
| 22:48 | Build | House |
| 22:50 | Build | House |
| 23:14 | Create | Villager (Male) |
| 23:14 | Create | Villager (Male) |
| 23:20 | Create | Cavalry Archer |
| 23:34 | Create | Villager (Male) |
| 23:35 | Create | Villager (Male) |
| 23:38 | Create | Cavalry Archer |
| 23:57 | Build | Town Center |
| 23:59 | Create | Villager (Male) |
| 23:59 | Create | Villager (Male) |
| 24:11 | Create | Villager (Male) |
| 24:13 | Research | Wheelbarrow |
| 24:26 | Build | House |
| 24:33 | Create | Cavalry Archer |
| 24:33 | Create | Cavalry Archer |
| 24:38 | Create | Villager (Male) |
| 24:39 | Create | Villager (Male) |
| 24:58 | Create | Villager (Male) |
| 25:05 | Build | Farm |
| 25:05 | Build | Farm |
| 25:06 | Build | Farm |
| 25:06 | Build | Farm |
| 25:29 | Create | Villager (Male) |
| 25:29 | Create | Villager (Male) |
| 25:30 | Create | Villager (Male) |
| 25:33 | Create | Cavalry Archer |
| 25:34 | Create | Cavalry Archer |
| 25:38 | Create | Villager (Male) |
| 25:39 | Create | Villager (Male) |
| 25:44 | Build | Farm |
| 25:44 | Build | Farm |
| 25:45 | Build | Farm |
| 25:46 | Create | Villager (Male) |
| 25:47 | Create | Villager (Male) |
| 26:12 | Create | Cavalry Archer |
| 26:12 | Create | Cavalry Archer |
| 26:24 | Build | University |
| 26:25 | Create | Villager (Male) |
| 26:26 | Create | Villager (Male) |
| 26:27 | Create | Villager (Male) |
| 26:32 | Build | House |
| 26:33 | Build | House |
| 26:44 | Build | Mining Camp |
| 27:11 | Research | Padded Archer Armor |
| 27:17 | Research | Thumb Ring |
| 27:43 | Create | Villager (Male) |
| 27:50 | Build | Farm |
| 27:50 | Build | Farm |
| 27:50 | Build | Farm |
| 27:50 | Build | Farm |
| 27:51 | Build | Farm |
| 27:53 | Build | Farm |
Build order — Fantasy
First 150 of 228 actions detected
| 0:25 | Build | Town Center |
| 2:57 | Create | Villager (Male) |
| 2:57 | Create | Villager (Male) |
| 2:58 | Create | Villager (Male) |
| 2:58 | Create | Villager (Male) |
| 2:58 | Create | Villager (Male) |
| 3:05 | Build | House |
| 4:32 | Create | Villager (Male) |
| 4:32 | Create | Villager (Male) |
| 4:55 | Build | House |
| 5:02 | Create | Villager (Male) |
| 5:02 | Create | Villager (Male) |
| 5:31 | Build | Lumber Camp |
| 5:32 | Create | Villager (Male) |
| 5:32 | Create | Villager (Male) |
| 5:32 | Create | Villager (Male) |
| 6:01 | Create | Villager (Male) |
| 6:01 | Create | Villager (Male) |
| 6:02 | Create | Villager (Male) |
| 6:20 | Create | Villager (Male) |
| 6:20 | Create | Villager (Male) |
| 6:39 | Create | Villager (Male) |
| 6:39 | Create | Villager (Male) |
| 6:55 | Build | House |
| 7:13 | Create | Villager (Male) |
| 7:13 | Create | Villager (Male) |
| 7:30 | Build | House |
| 7:54 | Create | Villager (Male) |
| 7:54 | Create | Villager (Male) |
| 7:55 | Create | Villager (Male) |
| 7:55 | Create | Villager (Male) |
| 8:25 | Build | Mining Camp |
| 8:48 | Build | Mill |
| 8:52 | Create | Villager (Male) |
| 8:52 | Create | Villager (Male) |
| 8:52 | Create | Villager (Male) |
| 9:04 | Create | Villager (Male) |
| 9:04 | Create | Villager (Male) |
| 9:37 | Create | Villager (Male) |
| 9:37 | Create | Villager (Male) |
| 9:41 | Build | House |
| 9:48 | Create | Villager (Male) |
| 9:53 | Create | Villager (Male) |
| 10:25 | Create | Villager (Male) |
| 10:47 | Build | House |
| 10:56 | Create | Villager (Male) |
| 11:56 | Build | Mining Camp |
| 12:08 | Research | Feudal Age |
| 12:08 | Research | Feudal Age |
| 12:28 | Build | Mill |
| 12:48 | Research | Loom |
| 12:48 | Create | Villager (Male) |
| 14:22 | Age | Feudal Age |
| 14:23 | Build | Blacksmith |
| 14:29 | Build | Market |
| 15:00 | Build | Market |
| 15:27 | Research | Castle Age |
| 15:27 | Research | Castle Age |
| 15:27 | Research | Castle Age |
| 16:05 | Build | Palisade Wall |
| 16:11 | Build | Palisade Wall |
| 16:17 | Research | Double-Bit Axe |
| 16:17 | Research | Double-Bit Axe |
| 17:01 | Build | Mill |
| 17:16 | Create | Villager (Male) |
| 18:07 | Age | Castle Age |
| 18:14 | Build | Castle |
| 18:22 | Create | Villager (Male) |
| 18:28 | Build | Mill |
| 18:39 | Create | Villager (Male) |
| 18:51 | Create | Villager (Male) |
| 19:00 | Build | House |
| 19:01 | Build | House |
| 19:09 | Build | Mill |
| 19:16 | Create | Conquistador |
| 19:16 | Create | Conquistador |
| 19:28 | Create | Conquistador |
| 19:33 | Research | Padded Archer Armor |
| 19:38 | Create | Villager (Male) |
| 20:04 | Build | House |
| 20:05 | Build | House |
| 20:37 | Create | Conquistador |
| 20:37 | Create | Conquistador |
| 20:38 | Create | Villager (Male) |
| 20:38 | Create | Villager (Male) |
| 20:39 | Create | Villager (Male) |
| 20:57 | Create | Conquistador |
| 21:20 | Build | House |
| 21:21 | Build | House |
| 21:22 | Build | House |
| 21:26 | Research | Leather Archer Armor |
| 21:47 | Create | Conquistador |
| 21:48 | Create | Conquistador |
| 22:00 | Create | Villager (Male) |
| 22:01 | Create | Villager (Male) |
| 22:42 | Create | Conquistador |
| 22:42 | Create | Conquistador |
| 22:53 | Build | Lumber Camp |
| 22:54 | Create | Villager (Male) |
| 22:54 | Create | Villager (Male) |
| 22:54 | Create | Villager (Male) |
| 22:56 | Build | Farm |
| 22:56 | Build | Farm |
| 22:56 | Build | Farm |
| 22:57 | Build | Farm |
| 22:57 | Build | Farm |
| 22:57 | Build | Farm |
| 22:57 | Build | Farm |
| 22:57 | Build | Farm |
| 22:58 | Build | Farm |
| 23:32 | Build | Farm |
| 23:34 | Create | Villager (Male) |
| 23:35 | Build | Farm |
| 23:35 | Build | Farm |
| 23:35 | Build | Farm |
| 24:00 | Build | House |
| 24:01 | Build | House |
| 24:02 | Create | Villager (Male) |
| 24:06 | Create | Conquistador |
| 24:06 | Create | Conquistador |
| 24:19 | Create | Villager (Male) |
| 24:20 | Create | Villager (Male) |
| 24:30 | Create | Conquistador |
| 24:30 | Create | Conquistador |
| 24:30 | Create | Conquistador |
| 24:41 | Create | Villager (Male) |
| 24:41 | Research | Gold Mining |
| 24:43 | Create | Villager (Male) |
| 24:52 | Create | Villager (Male) |
| 25:11 | Build | Mill |
| 25:30 | Build | Siege Workshop |
| 25:47 | Create | Conquistador |
| 25:47 | Create | Conquistador |
| 25:47 | Create | Conquistador |
| 25:48 | Create | Conquistador |
| 26:19 | Build | House |
| 26:19 | Build | House |
| 26:24 | Build | Town Center |
| 26:25 | Create | Villager (Male) |
| 26:26 | Create | Villager (Male) |
| 26:31 | Create | Villager (Male) |
| 26:40 | Create | Battering Ram |
| 26:50 | Create | Mangonel |
| 26:50 | Create | Mangonel |
| 26:59 | Create | Conquistador |
| 27:00 | Create | Conquistador |
| 27:06 | Create | Villager (Male) |
| 27:29 | Create | Conquistador |
| 27:29 | Create | Conquistador |
| 27:29 | Create | Conquistador |
Match timeline
| 2:26 | socras · wall_segment Palisade Wall x1 |
| 4:25 | socras · wall_segment Palisade Wall x1 |
| 6:06 | Flamingwizard4 · wall_segment Palisade Wall x1 |
| 6:13 | Flamingwizard4 · wall_segment Palisade Wall x1 |
| 10:41 | 垃圾小士兵 · first_building Barracks |
| 11:14 | 繁星風羲 · wall_segment Palisade Wall x6 |
| 11:15 | Flamingwizard4 · first_building Barracks |
| 12:00 | 垃圾小士兵 · age_up feudal |
| 12:09 | 垃圾小士兵 · first_building Archery Range |
| 12:23 | BloodyCalyps · first_building Barracks |
| 12:48 | Mr.Livi · first_building Barracks |
| 12:59 | 繁星風羲 · first_building Barracks |
| 13:20 | Flamingwizard4 · age_up feudal |
| 13:21 | Flamingwizard4 · first_building Stable |
| 13:23 | 繁星風羲 · wall_segment Palisade Wall x1 |
| 13:23 | Mr.Livi · age_up feudal |
| 13:24 | BloodyCalyps · first_building Archery Range |
| 13:51 | socras · age_up feudal |
| 13:59 | 繁星風羲 · age_up feudal |
| 14:07 | Mr.Livi · first_building Archery Range |
| 14:07 | B站星熙社长 · first_building Barracks |
| 14:19 | 繁星風羲 · first_building Archery Range |
| 14:22 | Fantasy · age_up feudal |
| 15:46 | B站星熙社长 · age_up feudal |
| 16:01 | Mr.Livi · wall_segment Palisade Wall x2 |
| 16:05 | Fantasy · wall_segment Palisade Wall x1 |
| 16:05 | Mr.Livi · wall_segment Palisade Wall x4 |
| 16:10 | socras · wall_segment Palisade Wall x1 |
| 16:10 | socras · wall_segment Palisade Wall x1 |
| 16:11 | socras · wall_segment Palisade Wall x2 |
| 16:11 | socras · wall_segment Palisade Wall x2 |
| 16:11 | Fantasy · wall_segment Palisade Wall x5 |
| 16:13 | socras · wall_segment Palisade Wall x1 |
| 16:14 | socras · wall_segment Palisade Wall x1 |
| 16:26 | socras · wall_segment Palisade Wall x1 |
| 16:27 | socras · wall_segment Palisade Wall x1 |
| 16:28 | socras · wall_segment Palisade Wall x1 |
| 16:28 | socras · wall_segment Palisade Wall x1 |
| 16:30 | socras · wall_segment Palisade Wall x1 |
| 16:32 | socras · wall_segment Palisade Wall x1 |
| 16:34 | socras · wall_segment Palisade Wall x1 |
| 16:36 | socras · wall_segment Palisade Wall x1 |
| 17:00 | socras · wall_segment Palisade Wall x1 |
| 17:01 | socras · wall_segment Palisade Wall x1 |
| 17:46 | socras · age_up castle |
| 18:07 | Fantasy · age_up castle |
| 18:08 | Mr.Livi · age_up castle |
| 18:14 | Fantasy · first_building Castle |
| 18:18 | socras · first_market_sell 100 food |
| 18:21 | socras · first_market_buy 100 stone |
| 19:00 | socras · first_building Castle |
| 19:37 | socras · wall_segment Palisade Wall x1 |
| 20:04 | Flamingwizard4 · first_market_sell 500 wood |
| 20:06 | Flamingwizard4 · first_market_buy 500 food |
| 20:47 | socras · wall_segment Palisade Wall x1 |
| 20:51 | socras · wall_segment Palisade Wall x1 |
| 20:51 | 垃圾小士兵 · first_building Stable |
| 21:48 | B站星熙社长 · first_market_sell 100 food |
| 21:51 | B站星熙社长 · first_market_buy 100 stone |
| 22:36 | 繁星風羲 · age_up castle |
| 22:54 | Flamingwizard4 · age_up castle |
| 22:58 | Flamingwizard4 · first_building Archery Range |
| 23:24 | 垃圾小士兵 · age_up castle |
| 23:43 | B站星熙社长 · age_up castle |
| 25:30 | Fantasy · first_building Siege Workshop |
| 25:47 | Flamingwizard4 · first_building Monastery |
| 29:43 | B站星熙社长 · first_building Siege Workshop |
| 30:36 | 繁星風羲 · first_market_buy 100 food |
| 30:44 | Fantasy · first_building Barracks |
| 31:01 | Flamingwizard4 · first_building Siege Workshop |
| 32:24 | BloodyCalyps · first_building Castle |
| 34:13 | Flamingwizard4 · first_building Castle |
| 34:41 | 繁星風羲 · first_building Siege Workshop |
| 35:01 | B站星熙社长 · first_building Castle |
| 35:17 | 垃圾小士兵 · first_building Castle |
| 35:20 | Fantasy · first_building Stable |
| 35:43 | Mr.Livi · first_building Monastery |
| 35:50 | 繁星風羲 · first_building Stable |
| 37:45 | BloodyCalyps · first_market_sell 100 food |
| 37:47 | B站星熙社长 · resign |
[ AI ANALYSIS · 1 CREDIT ]
What really happened in this match?
Wolo.gg analyzes every decision: build order, eco, micro, common mistakes by bracket. Personalized analysis on WhatsApp or Discord in 30 seconds.
Civ guide
Britons
Perfil
socras